 Dungeon Crawl Stone Soup version 0.28-a0-1084-ga282ea246d (webtiles) character file.

Game seed: 12513084078544977433

49 Htamos the Ruffian (level 3, -3/36 HPs)
             Began as a Troll Berserker on Dec 10, 2021.
             Was a Follower of Trog.
             Slain by Grinder (6 damage)
             ... on level 3 of the Dungeon.
             The game lasted 00:02:07 (1318 turns).

Htamos the Ruffian (Troll Berserker)                Turns: 1318, Time: 00:02:07

Health: -3/36      AC:  4    Str: 31    XL:     3   Next: 51%
Magic:  2/2        EV: 11    Int:  3    God:    Trog [*.....]
Gold:   66         SH:  0    Dex: 17    Spells: 2/2 levels left

rFire   . . .      SeeInvis .     - Unarmed
rCold   . . .      Faith    .   (no shield)
rNeg    . . .      Spirit   .   a - +0 animal skin
rPois   .          Reflect  .   (helmet restricted)
rElec   .          Harm     .   (no cloak)
rCorr   .          Rampage  .   (gloves unavailable)
Will    .....                   (boots unavailable)
Stlth   ++........              k - amulet of regeneration
HPRegen 1.72/turn               g - +6 ring of strength
MPRegen 0.08/turn               m - +6 ring of dexterity

@: attractive
A: large, unfitting armour, claws 3, regeneration 1, shaggy fur 1, tough skin 1
a: Renounce Religion, Berserk


You were on level 3 of the Dungeon.
You worshipped Trog.
Trog was aware of your devotion.
You visited 1 branch of the dungeon, and saw 3 of its levels.

You collected 66 gold pieces.

Inventory:

Hand Weapons
 i - a +3 short sword of holy wrath
Armour
 a - a +0 animal skin (worn)
Jewellery
 b - a +6 ring of intelligence
 d - a ring of fire
 e - a ring of protection from cold
 g - a +6 ring of strength (left claw)
 k - an amulet of regeneration (around neck)
 m - a +6 ring of dexterity (right claw)
Scrolls
 c - 3 scrolls of identify {unknown}
 f - a scroll of blinking {unknown}
 h - a scroll of immolation {unknown}
 j - a scroll of fog {unknown}


   Skills:
 + Level 2.8 Fighting
 + Level 2.8 Dodging
 * Level 3.9 Unarmed Combat


You had 2 spell levels left.
You didn't know any spells.
Your spell library was empty.

Dungeon Overview and Level Annotations

Branches:
Dungeon (3/15)

Altars:

Annotations:
D:3 Grinder


Innate Abilities, Weirdness & Mutations

You are too large for most types of armour.
You have claws for hands.
Your natural rate of healing is unusually fast.
You are covered in fur. (AC +1)
You have tough skin. (AC +1)


Message History

Found 24 stones.
A kobold comes into view. It is wielding a +0 dagger.
A kobold is nearby!
You closely miss the kobold. You completely miss the kobold.
The kobold hits you but does no damage.
You scratch the kobold but do no damage.
You claw the kobold.
You kill the kobold!
Trog accepts your kill.
No target in view!
Things that are here:
a +0 dagger; a kobold corpse
Found a quarterstaff.
A frilled lizard and Grinder come into view.
Grinder shouts!
The frilled lizard hisses angrily.
Grinder blinks!
There are monsters nearby!
Grinder gestures at you. Pain shoots through your body!
You see here a +0 quarterstaff.
You closely miss Grinder. Grinder hits you!
* * * LOW HITPOINT WARNING * * *
You writhe in agony.
* * * LOW HITPOINT WARNING * * *
It was a potion of attraction.
You feel attractive to monsters. Grinder hits you.
* * * LOW HITPOINT WARNING * * *
You writhe in agony.
* * * LOW HITPOINT WARNING * * *
You claw Grinder!
Grinder is heavily wounded.
Grinder hits you.
* * * LOW HITPOINT WARNING * * *
You writhe in agony.
* * * LOW HITPOINT WARNING * * *
You scratch Grinder but do no damage.
Grinder is moderately wounded.
Grinder hits you.
You die...

#####
......#####
.....l5@..#
#########.#
#...# ###
#.#.# ..#
#..# #.#.#
..# #..#
#.#.## ..#
..# #.#..#
..# ..#
#.#..# ..#
##.# #.#..#


You could see Grinder and a frilled lizard.

Vanquished Creatures
  2 adders
  2 endoplasms
  A giant cockroach (D:2)
  2 goblins (D:2)
  A hobgoblin (D:2)
  7 kobolds
  3 quokkas
  4 ball pythons
  4 bats
  A frilled lizard (D:2)
  2 rats
29 creatures vanquished.

Notes
Turn   | Place    | Note
-------+----------+-------------------------------------------
     0 | D:1      | Htamos the Troll Berserker began the quest for the Orb.
     0 | D:1      | Reached XP level 1. HP: 22/22 MP: 0/0
   243 | D:1      | Reached XP level 2. HP: 29/29 MP: 1/1
   317 | D:1      | Found a faded altar of an unknown god.
   842 | D:2      | Reached XP level 3. HP: 35/36 MP: 2/2
  1313 | D:3      | Noticed Grinder
  1318 | D:3      | Slain by Grinder

Illustrated notes

Levels and vault maps discovered:
D:1:      dpeg_arrival_rooms_c, layout_basic, ebering_ecumenical_altar_webs
D:2:      layout_basic
D:3:      layout_basic, minivault_27, eino_curves_02,
          minmay_fractal_squares_diagonal_5, uniq_grinder

Action                   || total
-------------------------++-------
Melee: Unarmed           ||    78
       Punch             ||     4
  Use: Potion            ||     1
Armor: Animal skin       ||    26
Dodge: Dodged            ||    40

Table legend: (Time is in decaauts)
 A = Elapsed time spent in this place.
 B = Non-inter-level travel time spent in this place.
 C = Inter-level travel time spent in this place.
 D = Time resting spent in this place.
 E = Time spent auto-exploring this place.
 F = Levels seen in this place.
 G = Mean time per level.
                   A        B        C        D        E       F      G
               +--------+--------+--------+--------+--------+-----+--------+
         Total |   1311 |   1273 |     38 |      0 |   1058 |   3 |  437.0 |
       Dungeon |   1311 |   1273 |     38 |      0 |   1058 |   3 |  437.0 |
               +--------+--------+--------+--------+--------+-----+--------+

Top non-repeatable levels by time:
     D:1: 770 daAuts
     D:2: 482 daAuts
     D:3: 58 daAuts
